Map: Ruby Rock LE

Players

HoldTheDoor - Winner!

  • Race: Protoss Protoss
  • League: Diamond
  • Spawn Location: 11:00

Benza

  • Race: Zerg Zerg
  • League: Diamond
  • Spawn Location: 5:00

VOD

Have the link to the VOD?

Description

Time

  • Played on: May 2, 2026, 1:17 p.m.
  • Length: 6:25
Show
View Real Time Build Order
Export as new Build Order

HoldTheDoor Protoss - Winner!

Build Orders: 1 Gate Expand 

Get SALT Encoding   

  12  0:01  Probe  
  13  0:13  Probe  
  14  0:25  Pylon, Probe  
  15  0:39  Probe  
  15  0:44  Gateway  
  15  0:47  Probe  
  16  0:52  Assimilator  
  17  0:57  Probe  
  18  1:09  Probe  
  19  1:28  Nexus  
  19  1:34  Cybernetics Core  
  19  1:37  Probe  
  20  1:49  Probe  
  21  2:00  Stalker  
  21  2:03  Warp Gate  
  21  2:08  Pylon  
  23  2:26  Probe, Stalker  
  26  2:38  Probe  
  27  2:47  Gateway  
  27  2:54  Probe x2  
  29  3:00  Robotics Facility  
  29  3:06  Probe  
  29  3:09  Probe  
  31  3:18  Probe  
  32  3:21  Probe  
  32  3:22  Gateway x2  
  33  3:30  Probe  
  33  3:33  Probe  
  35  3:37  Warp Prism  
  35  3:42  Probe  
  35  3:45  Probe  
  39  3:58  Gateway  
  39  4:00  Gateway  
  39  4:02  Gateway  
  39  4:03  Gateway  
  39  4:04  Gateway  
  39  4:18  Pylon  
  39  4:19  Stalker x3  
  45  4:33  Pylon x2  
  45  4:35  Pylon  
  45  4:43  Stalker  
  45  4:44  Stalker x2  
  51  4:48  Zealot  
  53  4:55  Zealot x2  
  53  4:58  Zealot x2  
  61  5:07  Zealot x2  
  61  5:12  Zealot  
  61  5:13  Zealot  
  69  5:17  Zealot x2  
  69  5:20  Stalker  
  75  5:34  Adept  
  77  5:42  Pylon  
  77  5:43  Pylon  
  77  6:00  Zealot x2  
  71  6:05  Zealot x3  
  71  6:06  Zealot x3  
Show
View Real Time Build Order
Export as new Build Order

Benza Zerg 

Build Orders: Hatch First 

Get SALT Encoding   

  12  0:00  Drone  
  13  0:08  Drone  
  13  0:14  Extractor, Drone  
  15  0:21  Overlord  
  15  0:42  Drone  
  16  0:43  Drone  
  17  0:53  Hatchery  
  16  0:57  Drone x2  
  18  1:04  Extractor  
  17  1:12  Spawning Pool  
  17  1:17  Drone  
  17  1:18  Drone  
  18  1:26  Drone  
  19  1:40  Drone  
  20  1:58  Queen  
  22  2:03  Overlord  
  22  2:04  Queen  
  22  2:05  Zergling x2  
  22  2:07  Drone  
  26  2:15  Drone  
  27  2:27  Drone x2  
  27  2:28  Drone  
  30  2:31  Zergling x2  
  31  2:49  Hatchery  
  31  2:51  Zergling x2  
  31  2:54  Drone x3  
  34  3:04  Queen  
  36  3:06  Metabolic Boost  
  36  3:17  Overlord  
  36  3:39  Drone x8  
  44  3:46  Hatchery  
  43  3:48  Zergling x2  
  43  3:50  Overlord  
  44  4:00  Queen  
  46  4:03  Queen  
  48  4:14  Drone x8  
  56  4:24  Zergling x4  
  58  4:32  Overlord x2  
  58  4:50  Zergling x28  
  71  5:15  Zergling x2  
  71  5:16  Zergling x14  
  71  5:19  Overlord x3  
  78  5:36  Overlord x3  
  78  5:38  Zergling x2  
  78  5:39  Zergling x8  
  82  5:47  Zergling x2  
  82  5:48  Zergling x6  
  84  5:53  Zergling x2  
  84  5:54  Zergling x4  
  77  6:00  Zergling x6  
  77  6:03  Zergling x4  
Tags
 
Add a new tag
Caveats
  • Supply blocks, unpowered buildings, or Contaminate may cause inaccurate times.
  • Supply counts are checked every 10 seconds.